TOP OF THE 1ST |
Chicago White Sox batting - Pitching for Pittsburgh Pirates : RHP Vince Scripp
|
Pitching: RHP Vince Scripp
|
|
Batting: SHB Dan Lash
|
0-0: Swinging Strike 0-1: Ball 1-1: Ball 2-1: Foul Ball, location: 2F 2-2: Foul Ball, location: 2F 2-2: DOUBLE (Line Drive, 7LM, EV 113.8 MPH)
|
Batting: LHB Antonio Figueroa
|
0-0: Called Strike 0-1: Foul Ball, location: 2F 0-2: Strikes out looking
|
Batting: LHB Randy Rosenberry
|
0-0: Ball 1-0: Fly out, F8 (Flyball, 8LD, EV 105.6 MPH) Runner from 2nd tags up, SAFE at 3rd with throw by CF
|
Batting: RHB Joseph Disepolo
|
0-0: Foul Ball, location: 2F 0-1: Fly out, F9 (Flyball, 9S, EV 76.3 MPH)
|
Top of the 1st over - 0 runs, 1 hit, 0 errors, 1 left on base; Chicago 0 - Pittsburgh 0 |
BOTTOM OF THE 1ST |
Pittsburgh Pirates batting - Pitching for Chicago White Sox : RHP Ricky Salas
|
Pitching: RHP Ricky Salas
|
|
Batting: RHB Eisse Bravenboer
|
0-0: Called Strike 0-1: Ball 1-1: SINGLE (Line Drive, 89M, EV 100.6 MPH)
|
Batting: RHB Jeckel Hester
|
0-0: Called Strike 0-1: Ball 1-1: Foul Ball, location: 2F 1-2: SINGLE (Line Drive, 9S, EV 102.5 MPH) Eisse Bravenboer to second
|
Batting: SHB Marvin McAleer
|
0-0: Called Strike 0-1: Called Strike 0-2: Fielders Choice at 2nd, 6-4 (Groundball, 6MS, EV 86.9 MPH) Eisse Bravenboer to third
|
Batting: RHB Steve Jordan
|
0-0: Ball 1-0: Foul Ball, location: 2F 1-1: Ball 2-1: Called Strike Marvin McAleer steals 2nd base 2-2: Ground out 5-3 (Groundball, 56S, EV 63.1 MPH) Eisse Bravenboer scores Marvin McAleer to third
|
Batting: RHB Tommie Eaton
|
0-0: Ball 1-0: Called Strike 1-1: Fly out, F8 (Line Drive, 8LD, EV 100.6 MPH)
|
Bottom of the 1st over - 1 run, 2 hits, 0 errors, 1 left on base; Chicago 0 - Pittsburgh 1 |
TOP OF THE 2ND |
Chicago White Sox batting - Pitching for Pittsburgh Pirates : RHP Vince Scripp
|
Batting: SHB Cesar Herrera
|
0-0: Ball 1-0: Foul Ball, location: 2F 1-1: Ball 2-1: Ball 3-1: Base on Balls
|
Batting: RHB Hiroshige Yamada
|
0-0: Ball 1-0: Ball 2-0: Foul Ball, location: 2F 2-1: SINGLE (Line Drive, 8LM, EV 90.0 MPH) Cesar Herrera to second
|
Batting: LHB Brian Feher
|
0-0: Fly out, F8 (Flyball, 8LXD, EV 95.6 MPH) Runner from 2nd tags up, SAFE at 3rd, no throw by CF
|
Batting: RHB Rocky Campbell
|
0-0: Ball 1-0: Ball 2-0: Ball 3-0: Called Strike 3-1: Called Strike 3-2: Base on Balls Hiroshige Yamada to second
|
Batting: RHB Steve Castleberry
|
0-0: Ball 1-0: Grounds into double play, 4-6-3 (Groundball, 4, EV 83.1 MPH)
|
Top of the 2nd over - 0 runs, 1 hit, 0 errors, 2 left on base; Chicago 0 - Pittsburgh 1 |
BOTTOM OF THE 2ND |
Pittsburgh Pirates batting - Pitching for Chicago White Sox : RHP Ricky Salas
|
Batting: RHB Mike Bates
|
0-0: Foul Ball, location: 2F 0-1: Ball 1-1: Called Strike 1-2: Strikes out swinging
|
Batting: RHB Raul Mendoza
|
0-0: Ball 1-0: Ground out 6-3 (Groundball, 6, EV 88.8 MPH)
|
Batting: RHB Mike Thornton
|
0-0: Called Strike 0-1: Swinging Strike 0-2: Ball 1-2: Fly out, F9 (Line Drive, 9D, EV 100.6 MPH)
|
Bottom of the 2nd over - 0 runs, 0 hits, 0 errors, 0 left on base; Chicago 0 - Pittsburgh 1 |
TOP OF THE 3RD |
Chicago White Sox batting - Pitching for Pittsburgh Pirates : RHP Vince Scripp
|
Batting: SHB Dan Lash
|
0-0: Foul Ball, location: 2F 0-1: SINGLE (Groundball, 6D, EV 103.1 MPH)
|
Batting: LHB Antonio Figueroa
|
0-0: Ball 1-0: Swinging Strike 1-1: Foul Ball, location: 2F 1-2: Fielders Choice at 2nd, 6-4 (Groundball, 6, EV 103.8 MPH)
|
Batting: LHB Randy Rosenberry
|
0-0: Ball 1-0: Swinging Strike 1-1: Ball 2-1: Fly out, F5 (Popup, 15, EV 80.6 MPH)
|
Batting: RHB Joseph Disepolo
|
0-0: Called Strike Pickoff Throw to First - Error! E1 Antonio Figueroa to second 0-1: Ball 1-1: Foul Ball, location: 2F 1-2: Strikes out swinging
|
Top of the 3rd over - 0 runs, 1 hit, 1 error, 1 left on base; Chicago 0 - Pittsburgh 1 |
BOTTOM OF THE 3RD |
Pittsburgh Pirates batting - Pitching for Chicago White Sox : RHP Ricky Salas
|
Batting: RHB Lupe Covarrubias
|
0-0: Ball 1-0: Ball 2-0: Swinging Strike 2-1: Fly out, F7 (Flyball, 7, EV 90.6 MPH)
|
Batting: RHB Eisse Bravenboer
|
0-0: Called Strike 0-1: Ball 1-1: Called Strike 1-2: Ball 2-2: Ball 3-2: Foul Ball, location: 2F 3-2: Ground out 5-3 (Groundball, 56, EV 85.0 MPH)
|
Batting: RHB Jeckel Hester
|
0-0: Called Strike 0-1: Swinging Strike 0-2: Ball 1-2: Ball 2-2: Strikes out looking
|
Bottom of the 3rd over - 0 runs, 0 hits, 0 errors, 0 left on base; Chicago 0 - Pittsburgh 1 |
TOP OF THE 4TH |
Chicago White Sox batting - Pitching for Pittsburgh Pirates : RHP Vince Scripp
|
Batting: SHB Cesar Herrera
|
0-0: Ball 1-0: Ball 2-0: Ball 3-0: Base on Balls
|
Batting: RHB Hiroshige Yamada
|
0-0: Ball 1-0: Called Strike 1-1: Ball 2-1: Ball 3-1: Base on Balls Cesar Herrera to second
|
Batting: LHB Brian Feher
|
0-0: Ball 1-0: Fly out, F7 (Flyball, 7LS, EV 78.8 MPH)
|
Batting: RHB Rocky Campbell
|
0-0: Foul Ball, location: 2F 0-1: Foul Ball, location: 2F 0-2: SINGLE (Groundball, 56D, EV 94.4 MPH) Cesar Herrera to third Hiroshige Yamada to second Runner from 3rd tries for Home, SAFE, throw by LF to home
|
Batting: RHB Steve Castleberry
|
0-0: Ball 1-0: Called Strike 1-1: Foul Ball, location: 2F 1-2: Foul Ball, location: 2F 1-2: Grounds into double play, 4-6-3 (Groundball, 4D, EV 91.9 MPH)
|
Top of the 4th over - 1 run, 1 hit, 0 errors, 1 left on base; Chicago 1 - Pittsburgh 1 |
BOTTOM OF THE 4TH |
Pittsburgh Pirates batting - Pitching for Chicago White Sox : RHP Ricky Salas
|
Batting: SHB Marvin McAleer
|
0-0: Ball 1-0: Called Strike 1-1: Swinging Strike 1-2: Strikes out looking
|
Batting: RHB Steve Jordan
|
0-0: Foul Ball, location: 2F 0-1: Ball 1-1: Ball 2-1: Fly out, F3 (Flyball, 34D, EV 86.3 MPH)
|
Batting: RHB Tommie Eaton
|
0-0: Called Strike 0-1: Ball 1-1: Ball 2-1: Ball 3-1: Called Strike 3-2: Foul Ball, location: 2F 3-2: Ground out U3 (Groundball, 34, EV 89.4 MPH)
|
Bottom of the 4th over - 0 runs, 0 hits, 0 errors, 0 left on base; Chicago 1 - Pittsburgh 1 |
TOP OF THE 5TH |
Chicago White Sox batting - Pitching for Pittsburgh Pirates : RHP Vince Scripp
|
Batting: SHB Dan Lash
|
0-0: Ball 1-0: Swinging Strike 1-1: Fly out, F8 (Flyball, 89D, EV 94.4 MPH)
|
Batting: LHB Antonio Figueroa
|
0-0: Ball 1-0: Ground out 6-3 (Groundball, 56, EV 76.3 MPH)
|
Batting: LHB Randy Rosenberry
|
0-0: Called Strike 0-1: Ball 1-1: Called Strike 1-2: Foul Ball, location: 2F 1-2: Foul Ball, location: 2F 1-2: Strikes out looking
|
Top of the 5th over - 0 runs, 0 hits, 0 errors, 0 left on base; Chicago 1 - Pittsburgh 1 |
BOTTOM OF THE 5TH |
Pittsburgh Pirates batting - Pitching for Chicago White Sox : RHP Ricky Salas
|
Batting: RHB Mike Bates
|
0-0: Ball 1-0: Called Strike 1-1: Ground out U3 (Groundball, 34S, EV 88.1 MPH)
|
Batting: RHB Raul Mendoza
|
0-0: Ball 1-0: Ball 2-0: Called Strike 2-1: Ground out 6-3 (Groundball, 6, EV 80.0 MPH)
|
Batting: RHB Mike Thornton
|
0-0: Ball 1-0: Ball 2-0: Ball 3-0: Called Strike 3-1: Ground out 6-3 (Groundball, 6, EV 86.9 MPH)
|
Bottom of the 5th over - 0 runs, 0 hits, 0 errors, 0 left on base; Chicago 1 - Pittsburgh 1 |
TOP OF THE 6TH |
Chicago White Sox batting - Pitching for Pittsburgh Pirates : RHP Vince Scripp
|
Batting: RHB Joseph Disepolo
|
0-0: Ball 1-0: Ball 2-0: Ball 3-0: Base on Balls
|
Batting: SHB Cesar Herrera
|
0-0: Ball 1-0: Called Strike 1-1: DOUBLE (Flyball, 5D, EV 83.1 MPH) Joseph Disepolo to third
|
Batting: RHB Hiroshige Yamada
|
0-0: Swinging Strike 0-1: Swinging Strike 0-2: Fly out, F8 (Flyball, 78S, EV 76.9 MPH)
|
Batting: LHB Brian Feher
|
0-0: Intentional Walk
|
Batting: RHB Rocky Campbell
|
0-0: Called Strike 0-1: Called Strike 0-2: Ball 1-2: Strikes out swinging
|
Batting: RHB Steve Castleberry
|
0-0: Ball 1-0: Called Strike 1-1: Ground out 1-3 (Groundball, 13S, EV 65.6 MPH)
|
Top of the 6th over - 0 runs, 1 hit, 0 errors, 3 left on base; Chicago 1 - Pittsburgh 1 |
BOTTOM OF THE 6TH |
Pittsburgh Pirates batting - Pitching for Chicago White Sox : RHP Ricky Salas
|
Batting: RHB Lupe Covarrubias
|
0-0: Ground out 6-3 (Groundball, 6, EV 88.8 MPH)
|
Batting: RHB Eisse Bravenboer
|
0-0: Swinging Strike 0-1: Swinging Strike 0-2: Foul Ball, location: 2F 0-2: Strikes out swinging
|
Batting: RHB Jeckel Hester
|
0-0: Ball 1-0: Ball 2-0: Ball 3-0: Called Strike 3-1: Called Strike 3-2: Foul Ball, location: 2F 3-2: Foul Ball, location: 2F 3-2: Ground out 5-3 (Groundball, 56S, EV 85.6 MPH)
|
Bottom of the 6th over - 0 runs, 0 hits, 0 errors, 0 left on base; Chicago 1 - Pittsburgh 1 |
TOP OF THE 7TH |
Chicago White Sox batting - Pitching for Pittsburgh Pirates : RHP Vince Scripp
|
Batting: SHB Dan Lash
|
0-0: Swinging Strike 0-1: Ground out U3 (Groundball, 13, EV 87.5 MPH)
|
Batting: LHB Antonio Figueroa
|
0-0: Called Strike 0-1: Ball 1-1: Swinging Strike 1-2: Ball 2-2: Ball 3-2: Foul Ball, location: 2F 3-2: Strikes out swinging
|
Batting: LHB Randy Rosenberry
|
0-0: SINGLE (Flyball, 6MD, EV 95.6 MPH)
|
Batting: RHB Joseph Disepolo
|
0-0: Called Strike 0-1: Ball 1-1: Ball 2-1: Ground out 4-3 (Groundball, 4, EV 77.5 MPH)
|
Top of the 7th over - 0 runs, 1 hit, 0 errors, 1 left on base; Chicago 1 - Pittsburgh 1 |
BOTTOM OF THE 7TH |
Pittsburgh Pirates batting - Pitching for Chicago White Sox : RHP Ricky Salas
|
Batting: SHB Marvin McAleer
|
0-0: Ball 1-0: Fly out, F8 (Flyball, 8RM, EV 74.4 MPH)
|
Batting: RHB Steve Jordan
|
0-0: Called Strike 0-1: Ball 1-1: Ball 2-1: Foul Ball, location: 2F 2-2: Foul Ball, location: 2F 2-2: Fly out, F5 (Popup, 5SF, EV 84.4 MPH)
|
Batting: RHB Tommie Eaton
|
0-0: Ball 1-0: Foul Ball, location: 2F 1-1: Fly out, F7 (Flyball, 7, EV 83.8 MPH)
|
Bottom of the 7th over - 0 runs, 0 hits, 0 errors, 0 left on base; Chicago 1 - Pittsburgh 1 |
TOP OF THE 8TH |
Chicago White Sox batting - Pitching for Pittsburgh Pirates : RHP Vince Scripp
|
Pitching: LHP Tim Wichman
|
|
Batting: SHB Cesar Herrera
|
0-0: Ball 1-0: Called Strike 1-1: Ball 2-1: Fly out, F7 (Line Drive, 78M, EV 95.0 MPH)
|
Batting: RHB Hiroshige Yamada
|
0-0: Ball 1-0: Called Strike 1-1: Ball 2-1: Swinging Strike 2-2: Strikes out swinging
|
Pinch Hitting: RHB Jason Moss
|
0-0: Ball 1-0: Ball 2-0: Foul Ball, location: 2F 2-1: Ball 3-1: Base on Balls
|
Batting: RHB Rocky Campbell
|
0-0: Ball 1-0: Ball 2-0: Ball 3-0: Base on Balls Jason Moss to second
|
Batting: RHB Steve Castleberry
|
0-0: Ball 1-0: 3-RUN HOME RUN (Flyball, 9D, EV 98.8 MPH), Distance : 392 ft
|
Pitching: RHP Kwang-sik Kim
|
|
Batting: SHB Dan Lash
|
0-0: Called Strike 0-1: Ball 1-1: Ball 2-1: Foul Ball, location: 2F 2-2: Fly out, F8 (Flyball, 89S, EV 76.9 MPH)
|
Top of the 8th over - 3 runs, 1 hit, 0 errors, 0 left on base; Chicago 4 - Pittsburgh 1 |
BOTTOM OF THE 8TH |
Pittsburgh Pirates batting - Pitching for Chicago White Sox : RHP Ricky Salas
|
Now in LF: Jason Moss
|
|
Batting: RHB Mike Bates
|
0-0: Called Strike 0-1: Called Strike 0-2: Ball 1-2: Ball 2-2: Foul Ball, location: 2F 2-2: Foul Ball, location: 2F 2-2: Strikes out looking
|
Batting: RHB Raul Mendoza
|
0-0: Ball 1-0: Fly out, F1 (Popup, 13, EV 90.6 MPH)
|
Batting: RHB Mike Thornton
|
0-0: Swinging Strike 0-1: Ball 1-1: Foul Ball, location: 2F 1-2: Fly out, F5 (Popup, 5, EV 72.5 MPH)
|
Bottom of the 8th over - 0 runs, 0 hits, 0 errors, 0 left on base; Chicago 4 - Pittsburgh 1 |
TOP OF THE 9TH |
Chicago White Sox batting - Pitching for Pittsburgh Pirates : RHP Kwang-sik Kim
|
Batting: LHB Antonio Figueroa
|
0-0: Foul Ball, location: 2F 0-1: Foul Ball, location: 2F 0-2: SOLO HOME RUN (Flyball, 9LD, EV 91.3 MPH), Distance : 339 ft
|
Batting: LHB Randy Rosenberry
|
0-0: Called Strike 0-1: Ball 1-1: Called Strike 1-2: Ball 2-2: Strikes out swinging
|
Batting: RHB Joseph Disepolo
|
0-0: Fly out, F7 (Flyball, 7LM, EV 95.0 MPH)
|
Batting: SHB Cesar Herrera
|
0-0: Called Strike 0-1: Foul Ball, location: 2F 0-2: Hit by Pitch
|
Batting: RHB Hiroshige Yamada
|
0-0: Foul Ball, location: 2F 0-1: Swinging Strike 0-2: SINGLE (Line Drive, 78S, EV 92.5 MPH) Cesar Herrera to second Cesar Herrera to third
|
Batting: RHB Jason Moss
|
0-0: Fly out, F7 (Line Drive, 7, EV 109.4 MPH)
|
Top of the 9th over - 1 run, 2 hits, 0 errors, 2 left on base; Chicago 5 - Pittsburgh 1 |
BOTTOM OF THE 9TH |
Pittsburgh Pirates batting - Pitching for Chicago White Sox : RHP Ricky Salas
|
Pitching: RHP Zach Ault
|
|
Batting: RHB Lupe Covarrubias
|
0-0: Ball 1-0: Called Strike 1-1: Foul Ball, location: 2F 1-2: Strikes out swinging
|
Batting: RHB Eisse Bravenboer
|
0-0: Called Strike 0-1: Ball 1-1: Ball 2-1: Ball 3-1: Foul Ball, location: 2F 3-2: Base on Balls
|
Batting: RHB Jeckel Hester
|
0-0: Called Strike 0-1: Foul Ball, location: 2F 0-2: Foul Ball, location: 2F 0-2: Ball 1-2: Ball 2-2: Strikes out swinging
|
Batting: SHB Marvin McAleer
|
0-0: Called Strike 0-1: Called Strike 0-2: Strikes out looking
|
Bottom of the 9th over - 0 runs, 0 hits, 0 errors, 1 left on base; Chicago 5 - Pittsburgh 1 |
|